 Dungeon Crawl Stone Soup version 0.27.1-34-g3ba077fa99 (webtiles) character file.

Game seed: 12270179274547723784

29 comborobin the Sneak (level 3, -5/28 HPs)
             Began as a Vampire Delver on Jan 8, 2022.
             Slain by a hornet (12 damage)
             ... on level 5 of the Dungeon.
             The game lasted 00:00:30 (240 turns).

comborobin the Sneak (Vampire Delver)                Turns: 240, Time: 00:00:31

Health: -5/28      AC:  3    Str: 12    XL:     3   Next: 1%
Magic:  3/3        EV: 12    Int: 12    God:
Gold:   0          SH:  0    Dex: 15    Spells: 2/2 levels left

rFire    . . .     SeeInvis +   a - +0 short sword
rCold    . . .     Faith    .   (no shield)
rNeg     . . .     Spirit   .   b - +0 leather armour
rPois    .         Reflect  .   (no helmet)
rElec    .         Harm     .   (no cloak)
rCorr    .         Rampage  .   (no gloves)
Will     .....                  (no boots)
Stlth    +++.......             (no amulet)
HPRegen  0.29/turn              (no ring)
MPRegen  0.08/turn              (no ring)

@: healing quickly, hasted and slowed
A: alive, fangs 3, see invisible, vampiric 2
a: Exsanguinate


You were on level 5 of the Dungeon.
You visited 1 branch of the dungeon, and saw 2 of its levels.

Inventory:

Hand Weapons
 a - a +0 short sword (weapon)
Armour
 b - a +0 leather armour (worn)
Wands
 g - a wand of digging (3)
Scrolls
 c - a scroll of fog
 e - a scroll of fear


   Skills:
 - Level 2.6 Fighting
 * Level 3.9 Short Blades
 - Level 2.1 Dodging
 + Level 7.2 Stealth


You had 2 spell levels left.
You didn't know any spells.
Your spell library was empty.

Dungeon Overview and Level Annotations

Branches:
Dungeon (6/15)
 Temple: D:4-7

Altars:

Annotations:
D:6 Prince Ribbit


Innate Abilities, Weirdness & Mutations

Your natural rate of healing is accelerated.
You have razor-sharp teeth.
You have supernaturally acute eyesight. (SInv)
You are afflicted with vampirism and can become a bat while bloodless.


Message History

Where to? (? - help)
Okay, then.
As you read the scroll of magic mapping, it crumbles to dust.
You feel aware of your surroundings.
(D) Dungeon
Where to? (? - help)
Okay, then.
A shadow imp comes into view.
A shadow imp is nearby!
A shadow imp is nearby!
A shadow imp is nearby!
There is a stone staircase leading down here.
There is a stone staircase leading down here.
You see here a +0 dagger.
There is a stone staircase leading up here.
You climb upwards.
There is a stone staircase leading down here.
A hornet comes into view.
A hornet is nearby!
A hornet is nearby!
The helpless hornet fails to defend itself.
You impale the hornet!! Your bite misses the hornet.
The hornet is heavily wounded.
The hornet stings you.
You feel yourself slow down.
You hit the hornet.
The hornet is severely wounded.
The hornet misses you. The hornet barely misses you.
You hit the hornet but do no damage.
The hornet is severely wounded.
The hornet stings you.
You feel as though you will be slow longer.
The hornet stings you!
Ouch! That really hurt!
* * * LOW HITPOINT WARNING * * *
You feel as though you will be slow longer.
Unknown command.
Okay, then.
You feel yourself speed up. The hornet barely misses you.
The hornet stings you!
You die...

#....##
#.....#
#....## #.#.##
#.#.#
#.#.########
#.(^........
###.#####.#...
#...@y......
########.###


You could see a hornet.

Vanquished Creatures
  A centaur skeleton (D:6)
1 creature vanquished.

Notes
Turn   | Place    | Note
-------+----------+-------------------------------------------
     0 | D:5      | comborobin the Vampire Delver began the quest for the Orb.
     0 | D:5      | Reached XP level 1. HP: 17/17 MP: 1/1
    97 | D:6      | Reached XP level 2. HP: 16/23 MP: 2/2
    97 | D:6      | Gained mutation: You are afflicted with vampirism and can
                  | become a bat while bloodless. [Vampire growth]
    97 | D:6      | Reached XP level 3. HP: 20/28 MP: 3/3
   137 | D:6      | Noticed Prince Ribbit
   233 | D:5      | Noticed a hornet
   240 | D:5      | Slain by a hornet

Illustrated notes

Levels and vault maps discovered:
D:5:      layout_loops_ring, mainiacjoe_overflow_small_starburst,
          nicolae_qazlal_eye_of_the_storm, minmay_temple_entry_fiery,
          uniq_grinder, uniq_eustachio
D:6:      minmay_diamond_boxcup, layout_loops_ring, uniq_blork_the_orc,
          uniq_prince_ribbit1

Skill      XL: |  1 |
---------------+----+-----
Short Blades   | 3 |  3.9
Fighting       | |  2.6
Dodging        | |  2.1
Stealth        | |  7.2

Action                   || total
-------------------------++-------
Melee: Short sword       ||    11
       Bite              ||     2
  Use: Scroll            ||     1
       Potion            ||     1
 Stab: Sleeping          ||     1
Armor: Leather armour    ||     4
Dodge: Dodged            ||    16
